 Dungeon Crawl Stone Soup version 0.31-a0-361-g0f8bd3a31e (webtiles) character file.

Game seed: 15064530505445571057

349 AdnanSaban the Trooper (level 6, 0/39 HPs)
             Began as a Gargoyle Fighter on July 27, 2023.
             Slain by a gnoll
             ... wielding a +0 spear
             ... led by a gnoll bouda
              (5 damage)
             ... on level 4 of the Dungeon.
             The game lasted 00:02:00 (2411 turns).

AdnanSaban the Trooper (Gargoyle Fighter)           Turns: 2411, Time: 00:02:01

Health: 0/39       AC: 11    Str: 21    XL:     6   Next: 60%
Magic:  6/6        EV:  9    Int:  9    God:
Gold:   178        SH:  4    Dex:  9    Spells: 5/5 levels left

rFire   . . .        a - +0 flail
rCold   . . .        c - +0 buckler
rNeg    + . .        b - +0 scale mail
rPois   ∞            (no helmet)
rElec   +            (no cloak)
rCorr   .            (no gloves)
SInv    .            (no boots)
Will    .....        (no amulet) Stlth
                     (no ring)
HPRegen 0.26/turn    (no ring)
MPRegen 0.10/turn

%: no passive effects
@: no status effects
A: sickness immunity, AC +4, negative energy resistance 1, electricity
resistance, torment resistance 1, petrification resistance
a: no special abilities


You were on level 4 of the Dungeon.
You visited 1 branch of the dungeon, and saw 4 of its levels.

You collected 178 gold pieces.

Inventory:

Hand Weapons
 a - a +0 flail (weapon)
Missiles
 g - 6 boomerangs of dispersal
 s - 5 poisoned darts (quivered)
Armour
 b - a +0 scale mail (worn)
 c - a +0 buckler (worn)
Jewellery
 i - a ring of ice
 p - a ring of magical power
 q - a ring of ice
Scrolls
 e - 2 scrolls of fog {unknown}
 f - a scroll of poison {unknown}
 k - 5 scrolls of identify {unknown}
 l - a scroll of blinking {unknown}
 m - a scroll of teleportation {unknown}
 n - a scroll of noise {unknown}
 o - a scroll of summoning {unknown}
Potions
 d - 3 potions of might
 h - 3 potions of degeneration {unknown}
 j - a potion of mutation {unknown}
 r - a potion of attraction {unknown}


   Skills:
 + Level 4.6 Fighting
 + Level 4.5 Maces & Flails
 + Level 4.4 Armour
 + Level 1.2 Dodging
 + Level 4.1 Shields


You had 5 spell levels left.
You didn't know any spells.
Your spell library contained the following spells:

 Spells                   Type           Power      Damage    Failure   Level
 Slow                     Hex            0%         N/A       78%         1


Dungeon Overview and Level Annotations

Branches:
Dungeon (4/15)
 Temple: D:4-7

Altars:
Trog
Wu Jian
Xom


Innate Abilities, Weirdness & Mutations

You are immune to sickness and miasma.
Your stone body is resilient. (AC +4)
You are immune to poison.
You resist negative energy. (rN+)
You are resistant to electric shocks. (rElec)
You are resistant to unholy torment.
You are immune to petrification.


Message History

You hear a shout!
A quokka and a gnoll come into view.
The gnoll shouts!
The gnoll hits you with a +0 flail! The giant cockroach misses you.
You sock the gnoll!
The gnoll is heavily wounded.
The gnoll hits you but does no damage. You block the gnoll's attack.
The giant cockroach misses you.
You completely miss the gnoll.
The gnoll is heavily wounded.
The gnoll barely misses you. You block the giant cockroach's attack.
The gnoll closely misses you.
You closely miss the gnoll.
The gnoll is heavily wounded.
The giant cockroach bites you but does no damage.
The gnoll misses you. The giant cockroach barely misses you.
You thump the gnoll!
You kill the gnoll!
The giant cockroach bites you but does no damage.
You block the quokka's attack. The gnoll completely misses you.
The gnoll barely misses you.
You hit the gnoll but do no damage.
The giant cockroach bites you but does no damage.
The quokka closely misses you. The gnoll barely misses you.
The gnoll hits you with a +0 flail. The giant cockroach barely misses you.
The quokka bites you but does no damage.
You barely miss the gnoll.
The gnoll hits you from afar with a +0 spear!
The giant cockroach bites you but does no damage.
The quokka closely misses you. The gnoll hits you but does no damage.
You thump the gnoll bouda!
The gnoll bouda is heavily wounded.
The giant cockroach closely misses you. The quokka closely misses you.
The gnoll hits you from afar with a +0 spear!
The gnoll bouda hits you with a +0 whip.
* * * LOW HITPOINT WARNING * * *
You block the gnoll's attack. The giant cockroach bites you.
* * * LOW HITPOINT WARNING * * *
The gnoll hits you from afar with a +0 spear.
You die...

......... ... .........
.... ...
..##.......###.... ...
....#.............. ..#
#......##...........
#.###.................
#..#............grg#
#............$.g@B#
.............)..###
................### .
..#........?......## .#.
..###....##........##..#
.)..#.$.§§..............
...###.≈≈§≈≈≈≈≈≈.##.....
...#...≈.§.....≈........
...#...≈.≈≈≈≈≈.§........


You could see a gnoll bouda, 2 gnolls, a quokka and a giant cockroach.

Vanquished Creatures
  A phantom (D:4)
  4 crimson imps (D:3)
  A gnoll (D:4)
  5 adders
  A worm (D:2)
  2 dart slugs (D:1)
  An orc (D:3)
  8 ball pythons
  6 endoplasms
  3 giant cockroaches
  3 goblins
  10 hobgoblins
  9 jackals
  A quokka (D:1)
  4 bats
  3 frilled lizards
  3 kobolds
  9 rats
74 creatures vanquished.

Notes
Turn   | Place    | Note
-------+----------+-------------------------------------------
     0 | D:1      | AdnanSaban the Gargoyle Fighter began the quest for the
                  | Orb.
     0 | D:1      | Reached XP level 1. HP: 14/14 MP: 1/1
    32 | D:1      | Found a faded altar of an unknown god.
    52 | D:1      | Got Plato's Tome of Ensorcelling
   124 | D:1      | Reached XP level 2. HP: 19/19 MP: 2/2
   563 | D:1      | Reached XP level 3. HP: 24/24 MP: 3/3
  1165 | D:2      | Reached XP level 4. HP: 29/29 MP: 4/4
  1640 | D:3      | Found a bloodstained altar of Trog.
  1923 | D:3      | Found a shimmering altar of Xom.
  1943 | D:3      | Reached XP level 5. HP: 20/34 MP: 5/5
  2032 | D:3      | Reached skill level 1 in Dodging
  2032 | D:3      | Reached XP level 6. HP: 39/39 MP: 6/6
  2351 | D:4      | Found an ornate altar of the Wu Jian Council.
  2411 | D:4      | Slain by a gnoll

Illustrated notes

Levels and vault maps discovered:
D:1:      dpeg_arrival_tiny_k, layout_basic, shapermc_ecumenical_altar_rom_forum
D:2:      layout_basic, nrook_mini_backslash, hex_tiny
D:3:      layout_loops_ring, mainiacjoe_overflow_paths, led_xom_imps
D:4:      layout_cave_pools, nicolae_ru_path_of_blood,
          mainiacjoe_overflow_concentric_impassable, uniq_menkaure

Skill      XL: |  1  2  3  4  5 |
---------------+----------------+-----
Fighting       | 4 |  4.6
Maces & Flails | 3 4 |  4.5
Armour         | 4 |  4.4
Dodging        | 1 |  1.2
Shields        | 4 |  4.1

Action                     |  1- 3 |  4- 6 || total
---------------------------+-------+-------++-------
  Melee: Flail             |   121 |   149 ||   270
 Armour: Scale mail        |    79 |    87 ||   166
  Dodge: Dodged            |    72 |    73 ||   145
  Block: Buckler           |    39 |    34 ||    73

Table legend: (Time is in decaauts)
 A = Elapsed time spent in this place.
 B = Non-inter-level travel time spent in this place.
 C = Inter-level travel time spent in this place.
 D = Time resting spent in this place.
 E = Time spent auto-exploring this place.
 F = Levels seen in this place.
 G = Mean time per level.
                   A        B        C        D        E       F      G
               +--------+--------+--------+--------+--------+-----+--------+
         Total |   2487 |   2404 |     83 |      0 |   1851 |   4 |  621.8 |
       Dungeon |   2487 |   2404 |     83 |      0 |   1851 |   4 |  621.8 |
               +--------+--------+--------+--------+--------+-----+--------+

Top non-repeatable levels by time:
     D:1: 983 daAuts
     D:3: 714 daAuts
     D:2: 691 daAuts
     D:4: 97 daAuts
